 Dungeon Crawl Stone Soup version 0.21.1-1-g345015f (webtiles) character file.

84 prawnwizard the Digger (level 4, -3/24 HPs)
             Began as a Gargoyle Earth Elementalist on July 4, 2018.
             Killed by divine providence
             ... invoked by an orc priest
              (14 damage)
             ... on level 3 of the Dungeon.
             The game lasted 00:03:29 (1968 turns).

prawnwizard the Digger (GrEE)                       Turns: 1968, Time: 00:03:29

Health: -3/24      AC:  5    Str: 12    XL:     4   Next: 46%
Magic:  1/8        EV: 12    Int: 16    God:
Gold:   48         SH:  0    Dex: 10    Spells: 8/9 levels left

rFire    . . .     SeeInvis .   g - +4 short sword (flame)
rCold    . . .     Gourm    .   (no shield)
rNeg     + . .     Faith    .   c - +0 robe
rPois    ∞         Spirit   .   (no helmet)
rElec    +         Reflect  .   (no cloak)
rCorr    .         Harm     .   (no gloves)
MR       .....                  (no boots)
Stlth    ++........             (no amulet)
HPRegen  0.08/turn              (no ring)
MPRegen  0.11/turn              (no ring)

@: no status effects
A: negative energy resistance 1, electricity resistance, unbreathing,
petrification resistance, rot immunity, AC +3
a: no special abilities


You were on level 3 of the Dungeon.
You were not hungry.

You visited 1 branch of the dungeon, and saw 3 of its levels.

You collected 48 gold pieces.

Inventory:

Hand Weapons
 g - a +4 short sword of flaming (weapon)
 j - a +0 short sword
Missiles
 b - 97 stones (quivered)
Armour
 c - a +0 robe (worn)
Jewellery
 o - a cursed -2 ring of dexterity {unknown}
Wands
 n - a wand of random effects (19)
Scrolls
 a - 3 scrolls of identify {unknown}
 h - 2 scrolls of immolation {unknown}
 i - 2 scrolls of remove curse {unknown}
 m - a scroll of blinking {unknown}
 p - 2 scrolls of teleportation {unknown}
 r - a scroll of fog {unknown}
 s - a scroll of enchant weapon {unknown}
Potions
 f - 2 potions of curing {unknown}
 k - a potion of resistance {unknown}
 l - a potion of heal wounds {unknown}
 q - a potion of degeneration {unknown}
 t - a potion of mutation {unknown}
 u - a potion of magic {unknown}
Books
 e - a book of Geomancy

   Spells                             Type                      Level
   a - Sandblast                      Earth                        1
   b - Passwall                       Transmutation/Earth          2
   c - Stone Arrow                    Conjuration/Earth            3
   d - Petrify                        Transmutation/Earth          4
   e - Lee's Rapid Deconstruction     Earth                        5
Comestibles
 d - 2 rations


   Skills:
 - Level 1.5 Dodging
 - Level 2.1 Stealth
 * Level 3.2 Spellcasting
   Level 0.7 Transmutations
 * Level 5.1 Earth Magic


You had 8 spell levels left.
You knew the following spells:

 Your Spells              Type           Power        Failure   Level  Hunger
a - Sandblast             Erth           ###...       2%          1    None


Dungeon Overview and Level Annotations

Branches:
Dungeon (3/15)

Altars:
The Shining One


Innate Abilities, Weirdness & Mutations

You are resistant to torment.
Your stone body is resilient. (AC +3)
You are immune to poison.
You resist negative energy. (rN+)
You are resistant to electric shocks. (rElec)
You can survive without breathing.
You are immune to petrification.
You are immune to rotting.


Message History

The orc priest casts a cantrip, but nothing happens.
An orc comes into view.
Casting: Sandblast
Confirm with . or Enter, or press ? or * to list all spells.
Aiming: Sandblast
Press: ? - help, Shift-Dir - straight line, f/p - orc
Aim: an orc, wielding a dagger (heavily wounded)
The blast of sand hits the orc.
You kill the orc!
b - 97 stones The orc shouts!
The orc barely misses you.
The orc priest looks satisfied for a moment.
Casting: Sandblast
Confirm with . or Enter, or press ? or * to list all spells.
You don't have enough magic to cast that spell.
The orc priest calls down the wrath of Beogh upon you.
Beogh smites you!
Ouch! That really hurt!
You die...

## ############ #.#
#..........# ########
#...%#..........# #......#
#....#..........###......#
#.................#......#
##...............#........#
......#...@......# #......#
#....###.w####### #......#
#...soo.##########.......
#.....##...........#.#...
#..o.o.# ...............##
#........ .............####
#.#.#..................# #
#.. #..................# #
.. #....?..<.......)..# #


You could see a worm, an orc priest and 3 orcs.

Vanquished Creatures
  An adder (D:2)
  A worm (D:2)
  2 dart slugs (D:1)
  A leopard gecko (D:1)
  An orc (D:3)
  8 bats (D:2)
  6 giant cockroaches
  6 hobgoblins
  2 jackals (D:3)
  3 quokkas (D:2)
  3 ball pythons
  5 frilled lizards
  6 goblins
  10 kobolds
  7 rats
62 creatures vanquished.

Notes
Turn   | Place    | Note
-------+----------+-------------------------------------------
     0 | D:1      | prawnwizard the Gargoyle Earth Elementalist began the quest for the Orb.
     0 | D:1      | Reached XP level 1. HP: 10/10 MP: 3/3
   210 | D:1      | Reached XP level 2. HP: 15/15 MP: 0/5
   217 | D:1      | Reached skill level 4 in Earth Magic
   686 | D:1      | Reached XP level 3. HP: 14/19 MP: 1/6
  1203 | D:2      | Reached XP level 4. HP: 22/24 MP: 8/8
  1297 | D:2      | Found a faded altar of an unknown god.
  1458 | D:2      | Reached skill level 5 in Earth Magic
  1486 | D:2      | Found a glowing golden altar of the Shining One.
  1968 | D:3      | Killed from afar by an orc priest

Skill      XL: |  1  2  3  4 |
---------------+-------------+-----
Earth Magic    | 4 5 |  5.1
Spellcasting   | 3 |  3.2
Dodging        | |  1.5
Stealth        | |  2.1
Transmutations | |  0.7

Action                   |  1- 3 |  4- 6 || total
-------------------------+-------+-------++-------
Melee: Unarmed           |    31 |       ||    31
       Short sword       |    69 |    32 ||   101
 Cast: Sandblast         |    23 |     8 ||    31
 Stab: Sleeping          |     2 |     4 ||     6
  Eat: Chunk             |     1 |     3 ||     4
Armor: Robe              |    47 |    21 ||    68
Dodge: Dodged            |    85 |    53 ||   138
